 Dungeon Crawl Stone Soup version 0.29.1-1-gd02db6906a (webtiles) character file.

Game seed: 3731055473925409605

11147 Ashen the Frost Mage (level 11, -1/85 HPs)
             Began as a Demonspawn Ice Elementalist on Oct 1, 2022.
             Was a Believer of Vehumet.
             Slain by a catoblepas (26 damage)
             ... on level 1 of the Lair of Beasts.
             The game lasted 00:34:00 (14482 turns).

Ashen the Frost Mage (Demonspawn Ice Elementalist) Turns: 14482, Time: 00:34:01

Health: -1/85      AC: 20    Str:  8    XL:     11   Next: 45%
Magic:  2/24       EV: 15    Int: 20    God:    Vehumet [**....]
Gold:   506        SH:  0    Dex: 15    Spells: 16/28 levels left

rFire   . . .      SeeInvis +   v - +1 short sword (elec)
rCold   . . .      Faith    +   (no shield)
rNeg    . . .      Spirit   .   E - +0 steam dragon scales
rPois   .          Reflect  .   (helmet unavailable)
rElec   .          Harm     .   l - +1 cloak
rCorr   .          Rampage  .   b - +0 pair of gloves
Will    +....                   c - +2 pair of boots
Stlth   +++.......              x - amulet of faith
HPRegen 0.24/turn               y - ring of willpower
MPRegen 0.19/turn               (no ring)

@: ice-armoured
A: antennae 3, rugged brown scales 1, demonic magic 2
a: Renounce Religion


You were on level 1 of the Lair of Beasts.
You worshipped Vehumet.
Vehumet was pleased with you.
You visited 4 branches of the dungeon, and saw 13 of its levels.
You also visited: Sewer.

You collected 668 gold pieces.
You spent 162 gold pieces at shops.

Inventory:

Hand Weapons
 r - a +2 falchion of draining
 v - a +1 short sword of electrocution (weapon)
Armour
 b - a +0 pair of gloves (worn)
 c - a +2 pair of boots (worn)
 l - a +1 cloak (worn)
 C - a +0 tower shield
 E - +0 steam dragon scales (worn)
Magical Staves
 n - a staff of fire
Jewellery
 x - an amulet of faith (around neck)
 y - a ring of willpower (left hand)
 B - an amulet of the acrobat
Wands
 f - a wand of iceblast (18)
 i - a wand of digging (7)
 w - a wand of quicksilver (4)
 A - a wand of flame (13)
Scrolls
 a - 2 scrolls of enchant armour
 d - 2 scrolls of immolation
 h - a scroll of summoning {unknown}
 k - 2 scrolls of torment
 t - 2 scrolls of fog
 u - 4 scrolls of teleportation
 G - a scroll of amnesia
 H - 2 scrolls of enchant weapon {unknown}
 I - a scroll of acquirement {unknown}
 K - a scroll of silence {unknown}
Potions
 e - 2 potions of flight
 g - 6 potions of curing
 j - a potion of might
 m - 2 potions of berserk rage
 p - 5 potions of lignification
 q - a potion of attraction
 s - a potion of cancellation
 z - a potion of mutation
 D - 2 potions of brilliance
 F - 2 potions of invisibility
 J - a potion of haste


   Skills:
 + Level 6.6 Fighting
 + Level 6.3 Dodging
 - Level 5.0 Stealth
 * Level 9.1 Spellcasting
 * Level 6.2 Conjurations
 * Level 9.6 Ice Magic


You had 16 spell levels left.
You knew the following spells:

 Your Spells              Type           Power      Damage    Failure   Level
a - Freeze                Ice            100%       1d11      1%          1
b - Frozen Ramparts       Ice            94%        1d15      1%          3
c - Ozocubu's Armour      Ice            47%        N/A       1%          3
d - Hailstorm             Conj/Ice       40%        3d10      3%          4
e - Foxfire               Conj/Fire      84%        2x1d8     2%          1

Your spell library contained the following spells:

 Spells                   Type           Power      Damage    Failure   Level
 Sandblast                Erth           18%        2d7       8%          1
 Apportation              Tloc           18%        N/A       8%          1
 Necrotise                Necr           36%        1d5       8%          1
 Slow                     Hex            36%        N/A       8%          1
 Summon Small Mammal      Summ           36%        N/A       8%          1
 Call Canine Familiar     Summ           9%         N/A       22%         3
 Confusing Touch          Hex            9%         N/A       22%         3
 Portal Projectile        Hex/Tloc       18%        N/A       22%         3
 Summon Guardian Golem    Hex/Summ       9%         N/A       22%         3
 Vampiric Draining        Necr           9%         2d6       22%         3
 Leda's Liquefaction      Hex/Erth       4%         N/A       58%         4
 Agony                    Necr           9%         N/A       91%         5


Dungeon Overview and Level Annotations

Branches:
Dungeon (10/15)            Temple (1/1) D:7            Lair (1/5) D:8
    Orc (1/2) D:10          Sewer (visited)

Altars:
Ashenzari
Cheibriados
Dithmenos
Fedhas
Gozag
Hepliaklqana
Kikubaaqudgha
Nemelex Xobeh
Okawaru
Qazlal
Ru
Sif Muna
Trog
Uskayaw
Vehumet
Wu Jian
Xom
Yredelemnul

Shops:
D:10 *

Annotations:
D:10 Amaemon
Lair:1 1 runed translucent door, Asparus's ghost, journeyman DsCj


Innate Abilities, Weirdness & Mutations

You have a pair of large antennae on your head. (SInv)
You are partially covered in rugged brown scales. (AC +1, +3% HP)
Spells you cast may paralyse nearby enemies.


Message History

Casting: Hailstorm (dangerous; 3% risk of failure)
Confirm with . or Enter, or press ? or * to list all spells.
Okay, then.
The yak gores you but does no damage.
The catoblepas breathes a plume of calcifying dust at you.
The blast of calcifying dust hits the yak!
The blast of calcifying dust hits you but does no damage.
The yak is engulfed in calcifying dust.
The yak is moving more slowly.
The yak misses you.
The yak is engulfed in calcifying dust.
The yak is moving more slowly.
The yak is engulfed in calcifying dust.
The yak stops moving altogether!
Casting: Hailstorm (dangerous; 3% risk of failure)
Confirm with . or Enter, or press ? or * to list all spells.
Casting: Hailstorm (dangerous; 3% risk of failure)
Press: ? - help, Dir - look around, f - activate A cannonade of hail descends around you!
The hail pelts the yak!
The yak is heavily wounded.
The hail pelts the catoblepas!!
The catoblepas is heavily wounded.
The hail pelts the yak!
You kill the yak!
Vehumet accepts your kill. Malevolent energies surge around you.
The yak is engulfed in calcifying dust. x2
The yak is moving more slowly.
The yak is engulfed in calcifying dust.
Casting: Hailstorm (dangerous; 3% risk of failure)
Confirm with . or Enter, or press ? or * to list all spells.
Casting: Hailstorm (dangerous; 3% risk of failure)
Press: ? - help, Dir - look around, f - activate A cannonade of hail descends around you!
The hail pelts the yak!!
The yak is severely wounded.
Malevolent energies surge around you. The catoblepas misses you.
The yak is engulfed in calcifying dust.
Casting: Hailstorm (dangerous; 3% risk of failure)
Confirm with . or Enter, or press ? or * to list all spells.
A film of ice covers your body! Malevolent energies surge around you.
The yak is engulfed in calcifying dust.
The catoblepas gores you!!
You die...

..........Y..........
..........Y..........
.....................
....#....§##......... ....
....#....§##.........
...............#§.....(....
..............###.......##
.......###....####......§.
.......# #......@.........
.......###.....##Y........
.........#.....#.§........
................†YY.......
.........##.....##........
........###.#....#........
........##.###..Y.........
..........#.#.............
....#########.............


You could see a catoblepas and 2 yaks.

Vanquished Creatures
  A two-headed ogre (D:10)
  A death yak (D:8)
  An orange demon (D:10)
  A troll (D:10)
  2 hornets
  7 blink frogs (Lair:1)
  Sigmund (D:3)
  A shadow (D:8)
  2 wyverns
  2 basilisks (D:8)
  14 yaks
  A wraith (D:10)
  2 steam dragons
  2 water moccasins (D:8)
  Pargi (Sewer)
  9 orc warriors
  4 ice beasts
  2 sky beasts (D:7)
  An ogre (D:5)
  A centaur (D:9)
  2 phantoms
  3 kobold brigands
  A necrophage (D:6)
  2 scorpions
  5 wights
  18 killer bees
  3 howler monkeys
  2 jellies
  3 hounds
  10 orc priests
  A gnoll bouda (D:5)
  3 iguanas
  9 orc wizards
  4 adders
  4 gnolls (D:5)
  A shadow imp (D:7)
  3 white imps
  An ufetubus (D:4)
  A worm (D:4)
  4 dart slugs
  43 orcs
  4 ball pythons
  3 endoplasms
  7 giant cockroaches
  7 goblins
  6 hobgoblins
  12 jackals
  25 kobolds
  9 quokkas
  5 bats
  5 frilled lizards
  5 rats
267 creatures vanquished.

Vanquished Creatures (others)
  8 foxfires (Lair:1)
  3 fungi
  5 plants
16 creatures vanquished.

Grand Total: 283 creatures vanquished

Notes
Turn   | Place    | Note
-------+----------+-------------------------------------------
     0 | D:1      | Ashen the Demonspawn Ice Elementalist began the quest for
                  | the Orb.
     0 | D:1      | Reached XP level 1. HP: 13/13 MP: 3/3
   360 | D:1      | Gained mutation: Spells you cast may paralyse adjacent
                  | enemies. [demonic ancestry]
   360 | D:1      | Reached XP level 2. HP: 19/19 MP: 0/5
  1366 | D:2      | Reached XP level 3. HP: 17/25 MP: 2/6
  1802 | D:2      | Found a blossoming altar of Fedhas.
  1837 | D:2      | Reached skill level 1 in Fighting
  2731 | D:3      | Found a glowing drain.
  2738 | D:3      | Reached XP level 4. HP: 23/32 MP: 5/8
  2745 | Sewer    | Entered a sewer
  2890 | Sewer    | Noticed Pargi
  2897 | Sewer    | Killed Pargi
  2898 | Sewer    | Gained mutation: You have a pair of small antennae on your
                  | head. [demonic ancestry]
  2898 | Sewer    | Reached XP level 5. HP: 38/38 MP: 6/9
  3078 | D:3      | Noticed Sigmund
  3685 | D:3      | Learned a level 3 spell: Frozen Ramparts
  3689 | D:3      | Learned a level 3 spell: Ozocubu's Armour
  3968 | D:4      | Noticed a phantom
  3984 | D:4      | Killed a phantom
  4105 | D:4      | Found an ornate altar of the Wu Jian Council.
  4107 | D:4      | Identified the +5 ring mail "Zotaos" {Dex+4}
  4113 | D:4      | Reached XP level 6. HP: 44/44 MP: 9/11
  4567 | D:4      | Found an ancient bone altar of Kikubaaqudgha.
  4979 | D:5      | Entered Level 5 of the Dungeon
  5004 | D:5      | Noticed an ice beast
  5187 | D:5      | Reached skill level 5 in Ice Magic
  5319 | D:5      | Gained mutation: Spells you cast may paralyse nearby
                  | enemies. [demonic ancestry]
  5319 | D:5      | Reached XP level 7. HP: 16/51 MP: 7/13
  5869 | D:5      | Identified the +1 helmet of the Dragon {+Inv Fly rN+ Int-4}
  5894 | D:5      | Found a sparkling altar of Nemelex Xobeh.
  5998 | D:5      | Learned a level 4 spell: Hailstorm
  6365 | D:5      | Reached skill level 5 in Spellcasting
  6365 | D:5      | Gained mutation: You are partially covered in rugged brown
                  | scales. (AC +1, +3% HP) [demonic ancestry]
  6365 | D:5      | Reached XP level 8. HP: 35/59 MP: 1/15
  6806 | D:6      | Found a hide-covered altar of Uskayaw.
  7479 | D:7      | Found a blossoming altar of Fedhas.
  7725 | D:7      | Found a staircase to the Ecumenical Temple.
  7734 | Temple   | Entered the Ecumenical Temple
  8022 | D:7      | Reached XP level 9. HP: 52/66 MP: 14/18
  8357 | D:7      | Paralysed by a hornet for 3 turns
  8363 | D:7      | Reached skill level 5 in Stealth
  8970 | D:3      | Killed Sigmund
  9304 | D:8      | Found a staircase to the Lair.
  9304 | D:8      | Noticed a death yak
  9304 | D:8      | Noticed an elephant
  9361 | D:8      | Killed a death yak
  9362 | D:8      | Reached skill level 5 in Fighting
  9362 | D:8      | Reached skill level 5 in Dodging
  9926 | D:8      | Gained mutation: You have a pair of antennae on your head.
                  | [demonic ancestry]
  9926 | D:8      | Reached XP level 10. HP: 71/74 MP: 17/21
 10665 | D:9      | Found a radiant altar of Vehumet.
 10665 | D:9      | Found a basalt altar of Yredelemnul.
 10666 | D:9      | Found a broken altar of Ashenzari.
 10673 | D:9      | Became a worshipper of Vehumet
 10870 | D:9      | Found a snail-covered altar of Cheibriados.
 10895 | D:8      | Found a shadowy altar of Dithmenos.
 11300 | D:9      | Found a hazy altar of Hepliaklqana.
 11778 | D:9      | Found an opulent altar of Gozag.
 12218 | D:10     | Entered Level 10 of the Dungeon
 12226 | D:10     | Noticed Amaemon
 12233 | D:10     | Found a shadowy altar of Dithmenos.
 12296 | D:10     | Found a shimmering altar of Xom.
 12302 | D:10     | Reached * piety under Vehumet
 12302 | D:10     | Offered knowledge of Foxfire by Vehumet.
 12309 | D:10     | Learned a level 1 spell: Foxfire
 12341 | D:10     | Found a staircase to the Orcish Mines.
 12400 | Orc:1    | Entered Level 1 of the Orcish Mines
 12400 | Orc:1    | Noticed an orc sorcerer
 12827 | D:10     | Noticed a two-headed ogre
 12833 | D:10     | Killed a two-headed ogre
 12834 | D:10     | Reached skill level 5 in Conjurations
 12834 | D:10     | Gained mutation: You have a pair of large antennae on your
                  | head. (SInv) [demonic ancestry]
 12834 | D:10     | Reached XP level 11. HP: 83/83 MP: 9/23
 13490 | D:10     | Found Alichuv's Assorted Antiques.
 13499 | D:10     | Bought a scroll of identify for 54 gold pieces
 13499 | D:10     | Bought a scroll labelled XUSOMM YFAWO for 27 gold pieces
 13499 | D:10     | Bought a scroll labelled ZIFOPR IMOB for 27 gold pieces
 13499 | D:10     | Bought a scroll of identify for 54 gold pieces
 13652 | D:10     | Reached ** piety under Vehumet
 13754 | D:8      | Offered knowledge of Sandblast by Vehumet.
 13806 | Lair:1   | Entered Level 1 of the Lair of Beasts
 14335 | Lair:1   | Found a runed translucent door.
 14341 | Lair:1   | Noticed Asparus's ghost (journeyman DsCj)
 14434 | Lair:1   | Noticed a catoblepas
 14482 | Lair:1   | Slain by a catoblepas

Illustrated notes

Levels and vault maps discovered:
D:1:      spicycebolla_arrival_ecumenical, layout_basic
D:2:      layout_basic, basic_altar, kennysheep_pointless_box,
          chequers_serial_rivers_micro_b
D:3:      layout_basic, gup_sewer_entry_pipe, uniq_sigmund
D:4:      layout_loops_ring, mainiacjoe_overflow_brackets,
          kiku_gazebo_pond_becter
D:5:      layout_gridville, nemelex_xobeh_ov_fountains_minmay,
          minmay_misc_feat_iff
D:6:      layout_rooms, mainiacjoe_overflow_paths
D:7:      layout_basic, mainiacjoe_overflow_chevrons,
          minmay_temple_entry_mini_moons, serial_bayou_pond_d,
          dreamdust_mushroom_princess, kennysheep_generic_room_14
D:8:      layout_basic, grunt_temple_overflow_champion_of_chaos,
          nicolae_dithmenos_through_a_glass_darkly, david_lair_generic
D:9:      layout_stronghold, overflow_temple_1_default, marbit_many_paths,
          nicolae_overflow_hidden_temple, gammafunk_temple_overflow_claw,
          enter_bailey_2
D:10:     layout_loops_ring, minmay_orc_entry_temple_small, serial_shops,
          nicolae_lakefront_shop, hangedman_feature_mirror,
          unseen_surprise_small, uniq_amaemon
Temple:   hellmonk_temple_forest_ring
Lair:1:   layout_cave_shapes, ebering_ghost_reflecting_pool, lemuel_fruit_tree
Orc:1:    layout_diamond_mine, uniq_erica

Skill      XL: |  1  2  3  4  5  6  7  8  9 10 11 |
---------------+----------------------------------+-----
Dodging        | 2 3 4 5 6 |  6.3
Stealth        | 2 3 4 5 |  5.0
Ice Magic      | 4 5 6 8 9 |  9.6
Fighting       | 1 2 3 4 5 6 |  6.6
Spellcasting   | 3 4 5 6 7 8 9 |  9.1
Conjurations   | 2 5 6 |  6.2

Action                   |  1- 3 |  4- 6 |  7- 9 | 10-12 || total
-------------------------+-------+-------+-------+-------++-------
Melee: Short sword       |    49 |       |   115 |   153 ||   317
       Unarmed           |     7 |       |       |       ||     7
       Punch             |     1 |     2 |     2 |       ||     5
       Rapier            |    13 |   100 |    81 |       ||   194
 Cast: Freeze            |    44 |    48 |    39 |    21 ||   152
       Frozen Ramparts   |       |     4 |    15 |    23 ||    42
       Ozocubu's Armour  |       |     3 |    29 |    28 ||    60
       Hailstorm         |       |       |       |    14 ||    14
       Foxfire           |       |       |       |     4 ||     4
Evoke: Wand              |       |       |     2 |       ||     2
  Use: Scroll            |     8 |     1 |     2 |    10 ||    21
       Potion            |       |     3 |     2 |     1 ||     6
 Stab: Paralysed         |    21 |    21 |    72 |    48 ||   162
       Sleeping          |     5 |     3 |     3 |     1 ||    12
       Distracted        |       |       |     1 |     1 ||     2
Armor: Robe              |    23 |     1 |       |       ||    24
       Leather armour    |       |    54 |    76 |    20 ||   150
       Steam dragon scal |       |       |       |    61 ||    61
Dodge: Dodged            |    74 |    95 |   109 |   126 ||   404
